 Dungeon Crawl Stone Soup version 0.28.0-45-g0d030f2227 (webtiles) character file.

Game seed: 2222327041453885801

40 MeArio the Shield-Bearer (level 3, -8/33 HPs)
             Began as a Minotaur Fighter on Apr 13, 2022.
             Killed by nerve-wracking pain
             ... invoked by Jessica
              (13 damage)
             ... on level 2 of the Dungeon.
             The game lasted 00:03:14 (949 turns).

MeArio the Shield-Bearer (Minotaur Fighter)          Turns: 949, Time: 00:03:16

Health: -8/33      AC:  7    Str: 22    XL:     3   Next: 30%
Magic:  2/2        EV:  9    Int:  5    God:
Gold:   33         SH:  4    Dex:  9    Spells: 2/2 levels left

rFire   . . .      SeeInvis .   a - +0 long sword
rCold   . . .      Faith    .   c - +0 buckler
rNeg    . . .      Spirit   .   b - +0 scale mail
rPois   .          Reflect  .   (helmet restricted)
rElec   .          Harm     .   (no cloak)
rCorr   .          Rampage  .   (no gloves)
Will    .....                   (no boots)
Stlth   ..........              (no amulet)
HPRegen 0.11/turn               (no ring)
MPRegen 0.08/turn               (no ring)

@: no status effects
A: horns 2, retaliatory headbutt
a: no special abilities


You were on level 2 of the Dungeon.
You visited 1 branch of the dungeon, and saw 2 of its levels.

You collected 33 gold pieces.

Inventory:

Hand Weapons
 a - a +0 long sword (weapon)
Missiles
 e - 3 javelins (quivered)
Armour
 b - a +0 scale mail (worn)
 c - a +0 buckler (worn)
Scrolls
 f - a scroll of identify {unknown}
 g - a scroll of noise {unknown}
 i - a scroll of fog {unknown}
Potions
 d - 2 potions of might
 h - a potion of curing {unknown}


   Skills:
 + Level 4.1 Fighting
 + Level 3.1 Long Blades
 + Level 4.1 Armour
 + Level 4.1 Shields


You had 2 spell levels left.
You didn't know any spells.
Your spell library contained the following spells:

 Spells                   Type           Power      Damage    Failure   Level
 Slow                     Hex            0%         N/A       87%         1
 Confusing Touch          Hex            0%         N/A       99%         3
 Vampiric Draining        Necr           0%         2d6       99%         3


Dungeon Overview and Level Annotations

Branches:
Dungeon (2/15)

Altars:

Annotations:
D:2 Jessica


Innate Abilities, Weirdness & Mutations

You have a pair of horns on your head.
You reflexively headbutt those who attack you in melee.


Message History

Press: ? - help, Q - select action Shift-Dir - straight line, f/p - worm
Aim: a worm (moderately wounded, 76% to hit)
You throw a javelin. The javelin pierces through the worm.
The worm is heavily wounded.
You block the worm's attack.
Jessica casts a spell.
Jessica seems to speed up.
You hit the worm but do no damage.
The worm is heavily wounded.
The worm bites you.
Hit: a) +0 long sword
Press: ? - help, Dir - move target, f - endoplasm, p - worm
Aim: an endoplasm (about 15% to evade your +0 long sword)
Your weapon can't reach that far!
Okay, then.
You hit the worm.
The worm is heavily wounded.
Jessica gestures wildly while chanting.
Jessica blinks!
You block the worm's attack.
You slash the worm!
The worm is almost dead.
Jessica gestures wildly while chanting.
Jessica blinks!
You block the worm's attack.
You slash the worm!
You kill the worm!
Jessica hits you with a +0 dagger.
You slash Jessica!
Jessica is almost dead.
Jessica points at you and mumbles some strange words.
Pain shoots through your body! Jessica gestures at you while chanting.
Pain shoots through your body!
* * * LOW HITPOINT WARNING * * *
You barely miss Jessica.
Jessica is almost dead.
Jessica casts a spell at you. You resist with some effort.
Jessica casts a spell at you. Pain shoots through your body!
You die...

####### .((..# .J#.#
###@#.# #..@#.#
.######.###.##########
...<.................<
..............>#######
.....................#
##.#################.#
# ...##.# #######.##.#
...........#


You could see Jessica (fast) and an endoplasm.

Vanquished Creatures
  Robin (D:2)
  A worm (D:2)
  A dart slug (D:1)
  3 bats (D:1)
  A giant cockroach (D:1)
  4 goblins (D:2)
  5 hobgoblins
  A quokka (D:1)
  A ball python (D:1)
  A frilled lizard (D:1)
  5 rats
24 creatures vanquished.

Notes
Turn   | Place    | Note
-------+----------+-------------------------------------------
     0 | D:1      | MeArio the Minotaur Fighter began the quest for the Orb.
     0 | D:1      | Reached XP level 1. HP: 19/19 MP: 0/0
   127 | D:1      | Reached XP level 2. HP: 27/27 MP: 1/1
   830 | D:2      | Noticed Robin
   840 | D:2      | Killed Robin
   841 | D:2      | Reached XP level 3. HP: 27/33 MP: 2/2
   942 | D:2      | Noticed Jessica
   949 | D:2      | Killed from afar by Jessica

Illustrated notes

Levels and vault maps discovered:
D:1:      amcnicky_arrival_wind_blow, layout_basic,
          chequers_serial_rivers_small_b, minmay_misc_feat_ornament,
          serial_bayou_ford_a
D:2:      layout_basic, hellmonk_ecumenical_altar_arch_garden, serial_shops,
          nicolae_shop_advertising_works [nicolae_subvault_shop_adworks],
          uniq_robin, uniq_jessica, uniq_natasha

Skill      XL: |  1  2 |
---------------+-------+-----
Fighting       | 4 |  4.1
Shields        | 4 |  4.1
Long Blades    | 3 |  3.1
Armour         | 4 |  4.1

Action                   || total
-------------------------++-------
Melee: Long sword        ||    31
       Headbutt          ||     1
Throw: Javelin           ||    25
Armor: Scale mail        ||    10
Dodge: Dodged            ||    10
Block: Buckler           ||     9
